 Dungeon Crawl Stone Soup version 0.30.0 (webtiles) character file.

Game seed: 4180384003000539312

48657 olmar the Basher (level 14, -10/91 HPs)
             Began as a Gargoyle Fighter on May 6, 2023.
             Was an Initiate of Gozag.
             Killed from afar by Azrael (15 damage)
             ... with a fireball
             ... on level 13 of the Dungeon.
             The game lasted 00:26:50 (14447 turns).

olmar the Basher (Gargoyle Fighter)                Turns: 14447, Time: 00:26:51

Health: -10/91     AC: 33    Str: 47    XL:     14   Next: 47%
Magic:  14/14      EV: 13    Int:  2    God:    Gozag
Gold:   257        SH:  6    Dex: 12    Spells: 13/13 levels left

rFire   . . .        L - +7 morningstar of the Present {pain, rC+ Str+3}
rCold   + + .        a - +0 buckler {rC+}
rNeg    + + +        j - +0 storm dragon scales of a Million Seers {rElec Str+6 Int-3}
rPois   ∞            c - +1 hat of Cesoroy {rN++ Will- Str+6}
rElec   +            P - +2 cloak {rCorr}
rCorr   +            T - +2 pair of gloves {Dex+3}
SInv    .            (no boots)
Will    +++..        b - necklace of Bloodlust {Fury *Rage Will++ Int-3 Slay+6}
Stlth   +            Y - +6 ring of strength
HPRegen 0.35/turn    A - ring of willpower
MPRegen 0.14/turn

%: random rage (50%)
@: gold aura, on berserk cooldown, flying, slowed, very slow
A: sickness immunity, AC +10, big wings, negative energy resistance 1,
electricity resistance, torment resistance 1, petrification resistance
a: Renounce Religion, Potion Petition, Call Merchant, Bribe Branch


You were on level 13 of the Dungeon.
You worshipped Gozag.
Gozag was aware of your devotion.
You visited 2 branches of the dungeon, and saw 14 of its levels.
You also visited: Ossuary, Bailey, Gauntlet and Ice Cave.

You collected 3043 gold pieces.
You spent 1094 gold pieces at shops.
You paid 1692 gold pieces to Gozag.

Inventory:

Hand Weapons
 w - a +0 demon whip of venom
 K - a +1 morningstar of flaming
 L - the +7 morningstar of the Present (weapon) {pain, rC+ Str+3}
   (You found it on level 12 of the Dungeon)

   Str:       It affects your strength (+3).
   rC:        It protects you from cold.
Missiles
 C - 6 atropa-tipped darts (quivered)
 J - 3 throwing nets
 S - 2 curare-tipped darts
Armour
 a - a +0 buckler of cold resistance (worn)
 c - the +1 hat of Cesoroy (worn) {rN++ Will- Str+6}
   (You bought it in a shop on level 12 of the Dungeon)

   Str:       It affects your strength (+6).
   rN:        It greatly protects you from negative energy.
   Will:      It decreases your willpower.
 j - the +0 storm dragon scales of a Million Seers (worn) {rElec Str+6 Int-3}
   (You found it on level 11 of the Dungeon)

   Str:       It affects your strength (+6).
   Int:       It affects your intelligence (-3).
   rElec:     It insulates you from electricity.
 P - a +2 cloak of preservation (worn)
 T - a +2 pair of gloves of dexterity (worn)
 V - the +2 cloak "Ellicvin" {Str+2 Dex+6}
   (You bought it in a shop on level 12 of the Dungeon)

   Str:       It affects your strength (+2).
   Dex:       It affects your dexterity (+6).
Jewellery
 b - the necklace of Bloodlust (around neck) {Fury *Rage Will++ Int-3 Slay+6}
   (You found it in a Gauntlet)

   [amulet of nothing]

   Fury:      It extends the wearer's berserk rage when killing foes.
   Int:       It affects your intelligence (-3).
   Slay:      It affects your accuracy & damage with ranged weapons and melee
   (+6).
   *Rage:     It berserks you when you make melee attacks (+50% chance).
   Will:      It greatly increases your willpower.
 s - the ring of Youthful Indiscretion {Fly rC+ Int+3}
   (You found it in an ice cave)

   [ring of flight]

   Int:       It affects your intelligence (+3).
   rC:        It protects you from cold.
   Fly:       It grants you flight.
 t - a +6 ring of strength
 A - a ring of willpower (right hand)
 E - an amulet of reflection
 Y - a +6 ring of strength (left hand)
Wands
 h - a wand of mindburst (11)
 G - a wand of flame (9)
 I - a wand of polymorph (6)
 N - a wand of paralysis (3)
 O - a wand of roots (10)
 X - a wand of acid (7)
Scrolls
 g - 6 scrolls of poison
 k - 7 scrolls of enchant weapon
 m - 4 scrolls of teleportation
 o - 4 scrolls of fog
 u - 5 scrolls of identify
 v - a scroll of torment
 y - a scroll of amnesia {unknown}
 B - 2 scrolls of brand weapon {unknown}
 F - 2 scrolls of silence {unknown}
 H - 5 scrolls of vulnerability {unknown}
 M - a scroll of noise {unknown}
 Q - 3 scrolls of blinking {unknown}
Potions
 d - 4 potions of might
 e - 4 potions of haste
 i - a potion of lignification
 l - 4 potions of attraction {unknown}
 n - 2 potions of berserk rage {unknown}
 p - 3 potions of degeneration {unknown}
 q - a potion of cancellation {unknown}
 r - 4 potions of heal wounds {unknown}
 z - 3 potions of flight {unknown}
 D - 4 potions of mutation {unknown}
 R - a potion of resistance {unknown}
 U - a potion of curing
Miscellaneous
 f - a phantom mirror


   Skills:
 + Level 11.8 Fighting
 + Level 14.1 Maces & Flails
 + Level 1.1 Throwing
 + Level 10.4 Armour
 + Level 7.6 Dodging
 + Level 8.7 Stealth
 + Level 9.7 Shields
 + Level 0.4 Unarmed Combat
 + Level 4.5 Evocations


You had 13 spell levels left.
You didn't know any spells.
Your spell library contained the following spells:

 Spells                   Type           Power      Damage    Failure   Level
 Beastly Appendage        Tmut           0%         N/A       86%         1
 Magic Dart               Conj           0%         1d3       86%         1
 Slow                     Hex            0%         N/A       86%         1
 Call Imp                 Summ           0%         N/A       95%         2
 Scorch                   Fire           0%         2d5       95%         2
 Wereblood                Tmut           0%         N/A       95%         2
 Confusing Touch          Hex            0%         N/A       99%         3
 Ignite Poison            Fire/Tmut/Pois 0%         N/A       99%         3
 Mephitic Cloud           Conj/Pois/Air  0%         N/A       99%         3
 Spider Form              Tmut/Pois      0%         N/A       99%         3
 Vampiric Draining        Necr           0%         2d6       99%         3
 Flame Wave               Conj/Fire      0%         2d4       100%        4
 Passage of Golubria      Tloc           0%         N/A       100%        4
 Blade Hands              Tmut           0%         N/A       100%        5
 Silence                  Hex/Air        0%         N/A       100%        5
 Summon Cactus Giant      Summ           0%         N/A       100%        6
 Dragon Form              Tmut           0%         N/A       100%        7
 Ozocubu's Refrigeration  Ice            0%         4d7       100%        7
 Lehudib's Crystal Spear  Conj/Erth      0%         10d2      100%        8
 Polar Vortex             Ice            0%         N/A       100%        9
 Simulacrum               Ice/Necr       Unusable   N/A       N/A         6

Dungeon Overview and Level Annotations

Branches:
Dungeon (13/15)            Temple (1/1) D:6            Lair (0/5) D:10
    Orc (0/2) D:10        Ossuary (visited)          Bailey (visited)
  IceCv (visited)         Gauntlet (visited)
 Vaults: D:13-14

Altars:
Ashenzari
Cheibriados
Dithmenos
Elyvilon
Fedhas
Gozag
Hepliaklqana
Kikubaaqudgha
Makhleb
Nemelex Xobeh
Okawaru
Qazlal
Ru
Sif Muna
Trog
Uskayaw
Vehumet
Wu Jian
Xom
Yredelemnul
Zin
The Shining One

Shops:
D:12 [[*

Annotations:
D:13 Azrael, Nessos


Innate Abilities, Weirdness & Mutations

You are immune to sickness and miasma.
Your stone body is resilient. (AC +10)
You are immune to poison.
Your large and strong wings let you fly.
You resist negative energy. (rN+)
You are resistant to electric shocks. (rElec)
You are resistant to unholy torment.
You are immune to petrification.


Message History

You skewer the vampire mosquito like a kebab!!!
You destroy the vampire mosquito!
Unknown command.
You stick the vampire mosquito like a pincushion!!!
The necklace of Bloodlust glows a violent red.
You destroy the vampire mosquito!
You now have 251 gold pieces (gained 7).
You feel a strong urge to attack something.
You now have 257 gold pieces (gained 6).
You feel your anger nearly subside.
You are no longer berserk.
You are exhausted.
You feel yourself slow down.
A fire elemental comes into view.
A fire elemental is nearby!
Aiming: Mindburst
Press: ? - help, Shift-Dir - straight line, f - you
Okay, then.
Okay, then.
Unknown command.
Unknown command.
You impale the fire elemental!!
The fire elemental is almost destroyed.
A fire elemental comes into view.
The fire elemental closely misses you.
Azrael the Boundless Flame comes into view.
He is wielding a +3 scimitar of flaming.
Unknown command.
You bludgeon the fire elemental!!
You destroy the fire elemental!
Azrael is distracted by your dazzling golden aura.
Unknown command.
Azrael is no longer distracted by gold.
Azrael gestures at you.
The sphere of damnation explodes!
The damnation engulfs you!!
* * * LOW HITPOINT WARNING * * *
You hear a bark! x2
There is a stone staircase leading up here.
Azrael gestures at you.
The fireball explodes!
The fireball engulfs you!
You die...
Your body crumbles into a pile of gold.

.......#.....#..... ...
.....$..$......# ##....
#........$.....###.#...h
.....#..................
.....#................R°
........................
....(......#..#..$.....°
.........#.#####....°°○.
.........### #.@.E☼#...
.....# ##..### #. #.##
###


You could see Azrael, a fire elemental and a hell hound.

Vanquished Creatures
  Gastronok (D:8)
  A minotaur (Gauntlet)
  The ghost of pdpol the Severer, a journeyman MiFi of Qazlal (D:12)
  2 hydras (D:12)
  An ice dragon (IceCv)
  An ogre mage (D:12)
  2 vault guards (Bailey)
  5 two-headed ogres (D:12)
  2 boulder beetles (D:12)
  2 centaur warriors (D:13)
  A skeletal warrior (D:13)
  Amaemon (D:8)
  Pikel (D:5)
  A deep elf pyromancer (D:12)
  3 ugly things
  2 manticores
  3 cyclopes
  An apocalypse crab (Gauntlet)
  Maurice (D:8)
  An orange demon (D:8)
  2 ice statues (IceCv)
  2 gargoyles (D:12)
  A kobold demonologist (D:13)
  A komodo dragon (D:12)
  6 rime drakes
  Maggie (D:6)
  4 trolls
  A raiju (Gauntlet)
  Grinder (D:3)
  Prince Ribbit (Bailey)
  4 shadows
  2 wraiths
  20 yaks
  A fire elemental (D:13)
  A wyvern (D:7)
  4 humans (Bailey)
  10 vampire mosquitoes
  An acid dragon (D:13)
  2 black bears (D:6)
  8 ogres
  5 orc warriors
  An ice beast (D:5)
  2 centaurs
  2 lemures (D:6)
  7 kobold brigands
  12 bullfrogs
  2 gnoll sergeants
  2 scorpions
  14 wights
  13 killer bees
  2 lindwurm simulacra (IceCv)
  5 howler monkeys
  An electric eel (D:7)
  6 komodo dragon simulacra (IceCv)
  2 gnoll boudas
  3 hounds
  An orc priest (D:6)
  3 sleepcaps
  4 iguanas
  10 orc wizards
  A lightning spire (Gauntlet)
  2 mummies
  26 gnolls
  8 acid dragon simulacra (IceCv)
  7 adders
  6 shadow imps
  2 white imps
  An ufetubus (D:5)
  5 steam dragon simulacra (IceCv)
  2 worms
  2 dart slugs
  40 orcs
  4 spectral bats (Ossuary)
  3 bats
  5 endoplasms
  2 giant cockroaches
  12 gnoll zombies (Ossuary)
  11 goblins
  14 hobgoblins
  5 jackals
  9 kobolds
  7 quokkas
  8 ball pythons
  3 bat simulacra (Ossuary)
  4 frilled lizards
  A goblin simulacrum (Ossuary)
  5 goblin zombies (Ossuary)
  5 hobgoblin zombies
  3 kobold simulacra (Ossuary)
  6 kobold zombies
  4 orc zombies (Ossuary)
  10 rats
  3 rat simulacra (Ossuary)
  A spectral goblin (Ossuary)
  4 spectral kobolds (Ossuary)
  A spectral rat (Ossuary)
435 creatures vanquished.

Vanquished Creatures (others)
  19 fungi
  19 plants
38 creatures vanquished.

Grand Total: 473 creatures vanquished

Notes
Turn   | Place    | Note
-------+----------+-------------------------------------------
     0 | D:1      | olmar the Gargoyle Fighter began the quest for the Orb.
     0 | D:1      | Reached XP level 1. HP: 14/14 MP: 1/1
   101 | D:1      | Reached XP level 2. HP: 16/19 MP: 2/2
   312 | D:1      | Reached XP level 3. HP: 23/23 MP: 3/3
   707 | D:2      | Reached XP level 4. HP: 18/29 MP: 4/4
   710 | D:2      | Reached skill level 3 in Maces & Flails
   720 | D:2      | Reached skill level 1 in Dodging
  1403 | D:3      | Reached XP level 5. HP: 30/33 MP: 5/5
  1569 | D:3      | Noticed Grinder
  1580 | D:3      | Paralysed by Grinder for 2 turns
  1596 | D:3      | Killed Grinder
  1597 | D:3      | Reached skill level 4 in Maces & Flails
  1597 | D:3      | Reached XP level 6. HP: 36/39 MP: 6/6
  2292 | D:4      | Reached XP level 7. HP: 41/44 MP: 7/7
  2586 | D:5      | Entered Level 5 of the Dungeon
  2602 | D:5      | Reached skill level 5 in Maces & Flails
  2654 | D:5      | Found a sand-covered staircase.
  2664 | Ossuary  | Entered an ossuary
  3186 | D:5      | Reached skill level 6 in Maces & Flails
  3391 | D:5      | Reached XP level 8. HP: 46/48 MP: 8/8
  4039 | D:6      | Reached skill level 5 in Fighting
  4039 | D:6      | Reached skill level 5 in Armour
  4074 | D:6      | Reached skill level 7 in Maces & Flails
  4446 | D:6      | Found a staircase to the Ecumenical Temple.
  4531 | D:6      | Noticed Pikel
  4667 | D:5      | Killed Pikel
  4668 | D:5      | Reached skill level 8 in Maces & Flails
  4668 | D:5      | Reached skill level 1 in Stealth
  4668 | D:5      | Reached skill level 5 in Shields
  4668 | D:5      | Reached XP level 9. HP: 19/55 MP: 9/9
  4898 | D:6      | Noticed Maggie
  4919 | D:6      | Killed Maggie
  4920 | D:6      | Reached skill level 1 in Throwing
  5610 | D:7      | Got the Monograph on the Unstable Black Widow
  6109 | D:8      | Noticed Maurice
  6178 | D:8      | Noticed Gastronok
  6520 | D:8      | Found a shimmering blue altar of Sif Muna.
  6520 | D:8      | Found a shadowy altar of Dithmenos.
  6521 | D:8      | Noticed an orange demon
  6522 | D:8      | Noticed Amaemon
  6620 | D:7      | Reached XP level 10. HP: 35/61 MP: 10/10
  6627 | D:7      | Reached skill level 9 in Maces & Flails
  7192 | D:7      | Found a sacrificial altar of Ru.
  7346 | Temple   | Entered the Ecumenical Temple
  7415 | Temple   | Became a worshipper of Gozag Ym Sagoz the Greedy
  7825 | D:8      | Killed Maurice
  7899 | D:8      | Killed Gastronok
  7900 | D:8      | Reached skill level 10 in Maces & Flails
  8142 | D:8      | Killed Amaemon
  8150 | D:8      | Reached skill level 5 in Dodging
  8150 | D:8      | Reached XP level 11. HP: 17/68 MP: 11/11
  8151 | D:8      | Reached skill level 11 in Maces & Flails
  8151 | D:8      | Reached XP level 12. HP: 19/75 MP: 12/12
  8746 | D:9      | Found a flagged portal.
  8756 | Bailey   | Entered a bailey
  8963 | Bailey   | Noticed Prince Ribbit
  8963 | Bailey   | Noticed a vault guard
  8980 | Bailey   | Killed Prince Ribbit
  8992 | Bailey   | Killed a vault guard
  8993 | Bailey   | Reached XP level 13. HP: 29/80 MP: 13/13
  9191 | Bailey   | Noticed a vault guard
  9205 | Bailey   | Killed a vault guard
  9355 | D:9      | Reached skill level 12 in Maces & Flails
 10035 | D:10     | Entered Level 10 of the Dungeon
 10347 | D:10     | Found a staircase to the Orcish Mines.
 10446 | D:10     | Reached skill level 10 in Fighting
 10997 | D:10     | Found a staircase to the Lair.
 11303 | D:11     | Found a gate leading to a gauntlet.
 11309 | Gauntlet | Entered a Gauntlet
 11309 | Gauntlet | Found a transporter.
 11309 | Gauntlet | Found a transporter.
 11309 | Gauntlet | Found a transporter.
 11323 | Gauntlet | Found a transporter.
 11323 | Gauntlet | Found a transporter.
 11375 | Gauntlet | Found a transporter.
 11401 | Gauntlet | Identified the ring of Juneo {rCorr Str+4}
 11417 | Gauntlet | Found a transporter.
 11423 | Gauntlet | Identified the amulet of the Burgomaster {Faith rCorr}
 11423 | Gauntlet | Noticed a minotaur
 11425 | Gauntlet | Found the necklace of Bloodlust {Fury *Rage Will++ Int-3
                  | Slay+6}
 11432 | Gauntlet | Killed a minotaur
 11463 | D:11     | Found a frozen archway.
 11482 | D:11     | Identified the +0 storm dragon scales of a Million Seers
                  | {rElec Str+6 Int-3}
 11512 | IceCv    | Entered an ice cave
 11930 | IceCv    | Noticed an ice dragon
 12029 | IceCv    | Identified the ring of Youthful Indiscretion {Fly rC+
                  | Int+3}
 12039 | IceCv    | Killed an ice dragon
 12550 | D:11     | Reached skill level 13 in Maces & Flails
 13001 | D:12     | Noticed pdpol's ghost (journeyman MiFi)
 13001 | D:12     | Found a runed translucent gate.
 13001 | D:12     | Found a runed translucent gate.
 13001 | D:12     | Found a runed translucent gate.
 13059 | D:12     | Killed pdpol's ghost
 13060 | D:12     | Gained mutation: Your large and strong wings let you fly.
                  | [Gargoyle growth]
 13060 | D:12     | Reached XP level 14. HP: 21/90 MP: 14/14
 13285 | D:12     | Identified the +7 morningstar of the Present {pain, rC+
                  | Str+3}
 13295 | D:12     | Bought a +2 pair of gloves of dexterity for 279 gold pieces
 13309 | D:12     | Bought a +0 buckler of cold resistance for 149 gold pieces
 13321 | D:12     | Bought an ichor-stained hat for 324 gold pieces
 13321 | D:12     | Identified the +1 hat of Cesoroy {rN++ Will- Str+6} (You
                  | bought it in a shop on level 12 of the Dungeon)
 13321 | D:12     | Bought a spiked cloak for 342 gold pieces
 13321 | D:12     | Identified the +2 cloak "Ellicvin" {Str+2 Dex+6} (You
                  | bought it in a shop on level 12 of the Dungeon)
 13562 | D:12     | Reached skill level 10 in Armour
 13843 | D:12     | Found Aviliuwo's Assorted Antiques.
 14353 | D:13     | Reached skill level 14 in Maces & Flails
 14373 | D:13     | Noticed Nessos
 14381 | D:13     | HP: 2/91 [skeletal warrior/+0 scimitar (18)]
 14444 | D:13     | Noticed Azrael
 14447 | D:13     | Killed from afar by Azrael

Illustrated notes

Levels and vault maps discovered:
D:1:      tarquinn_simple_flora_water_a, layout_rooms
D:2:      layout_basic, patterned_corridor
D:3:      layout_loops_ring, hellmonk_no_cap, uniq_grinder
D:4:      layout_cave_pools
D:5:      layout_loops_ring, nicolae_ossuary_entry_giza, minivault_11,
          minmay_hedge_maze, nrook_mini_backslash, serial_bayou_pond_a,
          minmay_pentangle
D:6:      layout_gridville, temple_statues, uniq_maggie, uniq_pikel
D:7:      layout_gridville, nicolae_ru_sacrificial_ziggurat,
          kennysheep_opposing_triangles
D:8:      layout_rooms, chequers_temple_overflow_statue_of_worship,
          uniq_amaemon, uniq_maurice, uniq_gastronok
D:9:      layout_loops_ring, enter_bailey_1, nicolae_straight_to_the_point
D:10:     layout_basic, grunt_lair_entry_orc_guard_hut,
          kennysheep_orc_monster_closet_entryway, grunt_ministairs_13
D:11:     layout_long_grid, portal_ice_cave_rime, gauntlet_entry_generic
D:12:     layout_loops_ring, gammafunk_ghost_hydra_chop, serial_shops, shop
D:13:     layout_cave_pools, grunt_vaults_entry_fortified, dk_noncrumbling_2,
          nicolae_fountain_basement, uniq_nessos, uniq_azrael
Temple:   compressed_dpeg_triangle_lava_temple

Skill      XL: |  1  2  3  4  5  6  7  8  9 10 11 12 13 14 |
---------------+-------------------------------------------+-----
Maces & Flails | 3 4 6 8 10 11 13 14 | 14.1
Dodging        | 1 2 3 4 5 6 7 |  7.6
Fighting       | 4 5 6 8 9 11 | 11.8
Armour         | 4 5 6 7 8 9 10 | 10.4
Shields        | 4 5 7 8 9 |  9.7
Stealth        | 1 3 6 7 8 |  8.7
Throwing       | 1 |  1.1
Evocations     | 3 4 |  4.5
Unarmed Combat | |  0.4

Action                     |  1- 3 |  4- 6 |  7- 9 | 10-12 | 13-15 || total
---------------------------+-------+-------+-------+-------+-------++-------
  Melee: Flail             |    55 |       |       |       |       ||    55
         Mace              |    35 |   164 |   451 |    69 |       ||   719
         Whip              |       |       |   164 |    22 |       ||   186
         Unarmed           |       |       |     3 |       |       ||     3
         Morningstar       |       |       |       |    45 |   235 ||   280
         Demon whip        |       |       |       |   133 |   424 ||   557
  Throw: Dart              |       |       |    11 |       |       ||    11
 Invoke: Call Merchant     |       |       |       |       |     2 ||     2
         Potion Petition   |       |       |       |       |     1 ||     1
  Evoke: Wand              |       |       |       |     4 |     8 ||    12
    Use: Scroll            |       |     2 |     4 |     6 |     3 ||    15
         Potion            |       |       |     5 |     6 |     3 ||    14
   Stab: Invisible         |       |       |     1 |       |     2 ||     3
         Sleeping          |       |       |     1 |     3 |     2 ||     6
         Distracted        |       |       |     1 |       |     3 ||     4
         Paralysed         |       |       |       |     4 |     2 ||     6
 Armour: Scale mail        |    42 |   114 |   153 |       |       ||   309
         Acid dragon scale |       |       |    50 |    55 |    87 ||   192
         Storm dragon scal |       |       |       |       |   152 ||   152
         Troll leather arm |       |       |       |       |     9 ||     9
  Dodge: Dodged            |    60 |    87 |   461 |   171 |   327 ||  1106
  Block: Buckler           |    18 |    51 |   122 |    46 |   158 ||   395
         Reflection        |       |       |       |       |     1 ||     1
